 Dungeon Crawl Stone Soup version 0.31-a0-1066-g35875b34c7 (webtiles) character file.

Game seed: 3200074704622243082

396 Colgate the Stinger (level 6, 0/50 HPs)
             Began as a Demigod Wanderer on Nov 22, 2023.
             Slain by an ogre
             ... wielding a +0 giant spiked club
              (23 damage)
             ... on level 4 of the Dungeon.
             The game lasted 00:22:02 (6131 turns).

Colgate the Stinger (Demigod Wanderer)              Turns: 6131, Time: 00:22:02

Health: 0/50       AC: 13    Str: 14    XL:     6   Next: 27%
Magic:  11/11      EV:  3    Int: 21    God:
Gold:   153        SH:  0    Dex: 13    Spells: 5/8 levels left

rFire   . . .        b - +0 flail (drain)
rCold   . . .        (no shield)
rNeg    . . .        v - +0 plate armour
rPois   .            m - +0 helmet
rElec   .            d - +0 cloak
rCorr   .            h - +0 pair of gloves
SInv    .            (no boots)
Will    .....        (no amulet) Stlth
                     (no ring)
HPRegen 0.28/turn    (no ring)
MPRegen 0.12/turn

%: no passive effects
@: no status effects
A: high MP 1, forlorn, divine attributes
a: no special abilities


You were on level 4 of the Dungeon.
You visited 1 branch of the dungeon, and saw 4 of its levels.

You collected 153 gold pieces.

Inventory:

Hand Weapons
 a - a +0 morningstar
 b - a +0 flail of draining (weapon)
 f - a +0 short sword
 n - a +0 trident
 o - a +0 mace of protection
 t - a +0 dagger
Missiles
 i - 3 boomerangs (quivered)
Armour
 c - a +0 robe
 d - a +0 cloak (worn)
 h - a +0 pair of gloves (worn)
 m - a +0 helmet (worn)
 v - a +0 plate armour (worn)
Scrolls
 g - a scroll of blinking {@r4}
 k - a scroll of noise {unknown}
 l - a scroll of butterflies {unknown}
 r - a scroll of teleportation {unknown}
 u - a scroll of immolation {unknown}
Potions
 e - a potion of magic
 j - 2 potions of mutation
 p - 4 potions of haste {unknown}
 q - a potion of curing {unknown}
 s - a potion of lignification {unknown}
 w - a potion of might {unknown}


   Skills:
 - Level 2.4 Fighting
 + Level 2.8 Maces & Flails
 - Level 1.0 Throwing
 - Level 2.6 Stealth
 - Level 1.7 Spellcasting
 - Level 1.0 Translocations
 - Level 3.2 Air Magic
 - Level 4.0 Poison Magic


You had 5 spell levels left.
You knew the following spells:

 Your Spells              Type           Power      Damage    Failure   Level
a - Sting                 Tmut/Pois      40%        1d5       100%        1
b - Poisonous Vapours     Pois/Air       34%        N/A       100%        2

Your spell library contained the following spells:

 Spells                   Type           Power      Damage    Failure   Level
 Apportation              Tloc           12%        N/A       100%        1
 Cigotuvi's Dreadful Rot  Necr/Pois/Air  24%        N/A       100%        2
 Dazzling Flash           Conj/Hex       2%         N/A       100%        3
 Volatile Blastmotes      Fire/Tloc      6%         2d10      100%        3
 Starburst                Conj/Fire      0%         6d3       100%        6
 Maxwell's Capacitive Co  Air            7%         ∞         100%        8


Dungeon Overview and Level Annotations

Branches:
Dungeon (4/15)
 Temple: D:4-7

Annotations:
D:3 Sigmund


Innate Abilities, Weirdness & Mutations

You have an increased reservoir of magic. (+10% MP)
You shall have no god before yourself.
Your divine heritage dramatically boosts your attributes as you level up.


Message History

b - a +0 flail of draining (weapon)
The orc attacks as it pursues you! The orc hits you with a +0 whip.
You hit the orc. The orc hits you but does no damage.
You barely miss the orc. The orc hits you but does no damage. x2
You completely miss the orc. The orc hits you but does no damage.
You hit the orc but do no damage. You drain the orc.
You kill the orc!
You closely miss the orc. The orc hits you with a +0 flail. x2
You hit the orc. You drain the orc.
You kill the orc!
No target in view!
You now have 153 gold pieces (gained 10).
Things that are here:
a +0 flail; a +0 whip; a +0 scale mail A quokka comes into view.
Unknown command.
You start waiting.
A quokka is nearby!
You hit the quokka. You drain the quokka.
You kill the quokka!
No target in view!
You see here a quokka corpse.
Found a ring mail.
No target in view!
An ogre comes into view. It is wielding a +0 giant spiked club.
The ogre shouts!
Okay, then.
Search for what [Enter for "flail", or ? for help]? throw Throw: 3 boomerangs
Press: ? - help, Shift-Dir - straight line, f - ogre
Aim: an ogre, wielding a +0 giant spiked club (71% to hit)
You throw a boomerang. The boomerang hits the ogre.
You barely miss the ogre. The ogre hits you but does no damage.
You hit the ogre.
The ogre hits you with a +0 giant spiked club!!
Ouch! That really hurt!
You hit the ogre. You barely miss the ogre.
The ogre hits you with a +0 giant spiked club!!
You die...

.###### ......#
.#.#..# ......#
......# ......#
#..#..# ....###
#.##..# .#..#
#.##..#
##..#########.##..#
...........##.##..#
........##.##...@.#
.............####O#
#...##...#.#.# .#
.....#...#.#.# .#
.#####.###.#.# .#
..# #.. ..#.# .#
#.# ### ###.[ .#
..# ### ## #.#


You could see an ogre.

Vanquished Creatures
  A phantom (D:4)
  2 orc priests
  Natasha (thrice) (D:3)
  An iguana (D:4)
  4 gnolls
  4 adders
  A shadow imp (D:4)
  A white imp (D:3)
  2 dart slugs
  17 orcs
  2 bats
  5 endoplasms
  2 giant cockroaches
  4 goblins
  5 hobgoblins
  A quokka (D:4)
  5 ball pythons
  3 frilled lizards
  3 kobolds (D:3)
  4 rats
70 creatures vanquished.

Notes
Turn   | Place    | Note
-------+----------+-------------------------------------------
     0 | D:1      | Colgate the Demigod Wanderer began the quest for the Orb.
     0 | D:1      | Colgate set off with the following items: a +0 dagger, a
                  | potion of invisibility, a +0 robe, a +0 cloak; and the
                  | following spells available to memorise: Sting, Apportation,
                  | Poisonous Vapours, Cigotuvi's Dreadful Rot, Volatile
                  | Blastmotes.
     0 | D:1      | Reached XP level 1. HP: 14/14 MP: 5/5
     2 | D:1      | Learned a level 1 spell: Sting
   323 | D:1      | Reached skill level 3 in Poison Magic
   939 | D:1      | Reached XP level 2. HP: 20/20 MP: 4/7
   942 | D:1      | Learned a level 2 spell: Poisonous Vapours
  2271 | D:3      | Reached XP level 3. HP: 26/26 MP: 5/8
  2394 | D:3      | Reached skill level 4 in Poison Magic
  2572 | D:3      | Reached skill level 1 in Air Magic
  2872 | D:3      | Reached XP level 4. HP: 28/33 MP: 0/9
  3371 | D:3      | Noticed Sigmund
  3495 | D:3      | Noticed Natasha
  3504 | D:3      | Killed Natasha
  3875 | D:3      | Noticed Natasha
  3887 | D:3      | Killed Natasha
  3935 | D:3      | Noticed Natasha
  3940 | D:3      | Killed Natasha
  3941 | D:3      | Reached skill level 1 in Fighting
  3941 | D:3      | Reached XP level 5. HP: 32/40 MP: 3/10
  5391 | D:4      | Reached skill level 1 in Maces & Flails
  5954 | D:4      | Reached XP level 6. HP: 50/50 MP: 11/11
  6131 | D:4      | Slain by an ogre

Illustrated notes

Levels and vault maps discovered:
D:1:      minmay_arrival_four_loops, layout_basic
D:2:      layout_basic
D:3:      layout_basic, amethyst_overflow_temple_binary, uniq_sigmund,
          uniq_natasha
D:4:      layout_basic, grunt_temple_overflow_growth_and_decay,
          kennysheep_little_box, mainiacjoe_overflow_alcove_1,
          mainiacjoe_overflow_chevrons, serial_glass, glass_columns_a,
          glass_columns_a, glass_columns_b, glass_columns_a, glass_columns_b,
          glass_columns_a, feat_on_display, item_on_display_a

Skill      XL: |  1  2  3  4  5  6 |
---------------+-------------------+-----
Poison Magic   | 3 4 |  4.0
Air Magic      | 2 3 |  3.2
Fighting       | 1 2 |  2.4
Maces & Flails | 1 2 |  2.8
Throwing       | |  1.0
Stealth        | |  2.6
Spellcasting   | |  1.7
Translocations | |  1.0

Action                     |  1- 3 |  4- 6 || total
---------------------------+-------+-------++-------
  Melee: Short sword       |    11 |       ||    11
         Mace              |       |    13 ||    13
         Morningstar       |       |    38 ||    38
         Flail             |       |    30 ||    30
         Punch             |       |     1 ||     1
  Throw: Boomerang         |       |     1 ||     1
   Cast: Sting             |    22 |     3 ||    25
         Poisonous Vapours |    42 |    48 ||    90
    Use: Scroll            |     3 |       ||     3
         Potion            |       |     1 ||     1
 Armour: Robe              |    19 |    30 ||    49
         Plate armour      |       |    92 ||    92
  Dodge: Dodged            |    13 |    40 ||    53

Table legend: (Time is in decaauts)
 A = Elapsed time spent in this place.
 B = Non-inter-level travel time spent in this place.
 C = Inter-level travel time spent in this place.
 D = Time resting spent in this place.
 E = Time spent auto-exploring this place.
 F = Levels seen in this place.
 G = Mean time per level.
                   A        B        C        D        E       F      G
               +--------+--------+--------+--------+--------+-----+--------+
         Total |   6169 |   5656 |    513 |    427 |   4294 |   4 | 1542.2 |
       Dungeon |   6169 |   5656 |    513 |    427 |   4294 |   4 | 1542.2 |
               +--------+--------+--------+--------+--------+-----+--------+

Top non-repeatable levels by time:
     D:3: 2737 daAuts
     D:1: 1336 daAuts
     D:4: 1158 daAuts
     D:2: 937 daAuts
